 Dungeon Crawl Stone Soup version 0.29.1-15-g9cfb28693d (webtiles) character file.

Game seed: 5954966751879186293

220 MacCMillion the Chopper (level 5, -7/45 HPs)
             Began as a Hill Orc Fighter on Feb 28, 2023.
             Mangled by an ice beast (13 damage)
             ... on level 4 of the Dungeon.
             The game lasted 00:03:39 (3622 turns).

MacCMillion the Chopper (Hill Orc Fighter)          Turns: 3622, Time: 00:03:40

Health: -7/45      AC: 11    Str: 21    XL:     5   Next: 97%
Magic:  5/5        EV:  5    Int:  8    God:
Gold:   163        SH:  4    Dex: 10    Spells: 4/4 levels left

rFire   . . .      SeeInvis .   u - +0 hand axe
rCold   . . .      Faith    .   c - +0 buckler
rNeg    . . .      Spirit   .   f - +0 plate armour
rPois   .          Reflect  .   (no helmet)
rElec   .          Harm     .   (no cloak)
rCorr   .          Rampage  .   (no gloves)
Will    .....                   (no boots)
Stlth   ..........              (no amulet)
HPRegen 0.15/turn               (no ring)
MPRegen 0.09/turn               (no ring)

@: no status effects
A: no striking features
a: no special abilities


You were on level 4 of the Dungeon.
You visited 1 branch of the dungeon, and saw 4 of its levels.

You collected 163 gold pieces.

Inventory:

Hand Weapons
 a - a +0 war axe
 u - a +0 hand axe (weapon)
Missiles
 r - 5 poisoned darts (quivered)
Armour
 b - a +0 scale mail
 c - a +0 buckler (worn)
 f - a +0 plate armour (worn)
Jewellery
 e - a ring of fire
 j - an amulet of faith
 t - a +6 ring of strength
Scrolls
 g - a scroll of silence {unknown}
 h - a scroll of teleportation {unknown}
 k - 2 scrolls of poison {unknown}
 l - a scroll of enchant armour {unknown}
 m - a scroll of torment {unknown}
 n - a scroll of vulnerability {unknown}
 o - 2 scrolls of identify {unknown}
 p - 2 scrolls of blinking {unknown}
 q - a scroll of amnesia {unknown}
Potions
 d - a potion of might
 i - 3 potions of lignification {unknown}
 s - a potion of heal wounds {unknown}


   Skills:
 - Level 3.6 Fighting
 + Level 7.4 Axes
 - Level 3.2 Armour
 - Level 4.0 Shields


You had 4 spell levels left.
You didn't know any spells.
Your spell library contained the following spells:

 Spells                   Type           Power      Damage    Failure   Level
 Blink                    Tloc           0%         N/A       100%        2
 Poisonous Vapours        Pois/Air       0%         N/A       100%        2
 Sublimation of Blood     Necr           0%         N/A       100%        2
 Wereblood                Tmut           0%         N/A       100%        2
 Ignite Poison            Fire/Tmut/Pois 0%         N/A       100%        3
 Lesser Beckoning         Tloc           0%         N/A       100%        3
 Mephitic Cloud           Conj/Pois/Air  0%         N/A       100%        3
 Corpse Rot               Necr/Pois/Air  0%         N/A       100%        4
 Passage of Golubria      Tloc           0%         N/A       100%        4
 Freezing Cloud           Conj/Ice/Air   0%         6-21      100%        5
 Manifold Assault         Tloc           0%         N/A       100%        5
 Yara's Violent Unravell  Hex/Tmut       0%         3d3       100%        5
 Summon Hydra             Summ           0%         N/A       100%        7
 Necromutation            Tmut/Necr      0%         N/A       100%        8


Dungeon Overview and Level Annotations

Branches:
Dungeon (4/15)
 Temple: D:4-7

Altars:
Gozag
Okawaru

Shops:
D:2 =


Message History

You hit the ice beast but do no damage.
The ice beast is lightly wounded.
The ice beast hits you but does no damage.
You hit the ice beast.
The ice beast is moderately wounded.
The ice beast hits you but does no damage.
You hit the ice beast but do no damage.
The ice beast is moderately wounded.
The ice beast hits you but does no damage.
You barely miss the ice beast.
The ice beast is moderately wounded.
The ice beast hits you. The ice beast freezes you!
You barely miss the ice beast.
The ice beast is moderately wounded.
The ice beast hits you but does no damage.
You hit the ice beast.
The ice beast is moderately wounded.
The ice beast hits you but does no damage.
You hit the ice beast.
The ice beast is heavily wounded.
The ice beast hits you. The ice beast freezes you!
You barely miss the ice beast.
The ice beast is heavily wounded.
The ice beast closely misses you.
You barely miss the ice beast.
The ice beast is heavily wounded.
The ice beast hits you. The ice beast freezes you!
* * * LOW HITPOINT WARNING * * *
You hit the ice beast.
The ice beast is severely wounded.
The ice beast hits you but does no damage.
You barely miss the ice beast.
The ice beast is severely wounded.
The ice beast barely misses you.
You hit the ice beast.
The ice beast is severely wounded.
The ice beast hits you.
* * * LOW HITPOINT WARNING * * *
The ice beast freezes you!
You die...

#...#..##########
#.##..## #.##.## #.
#.##)###
##.#####.#.)..##
#........#.....#
#.###......##..#
##.....##.####..#
######..>...Y@.........
.........#.########.####
...........#
........#### ......Y.#
.###....# #......
........ .......#$


You could see an ice beast.

Vanquished Creatures
  2 scorpions
  3 adders
  A worm (D:2)
  3 dart slugs
  4 orcs (D:4)
  2 endoplasms
  A giant cockroach (D:1)
  7 goblins
  6 hobgoblins
  8 jackals
  9 kobolds
  4 quokkas
  5 ball pythons
  3 bats
  3 frilled lizards
  8 rats
69 creatures vanquished.

Vanquished Creatures (others)
  5 demonic plants (D:4)
5 creatures vanquished.

Grand Total: 74 creatures vanquished

Notes
Turn   | Place    | Note
-------+----------+-------------------------------------------
     0 | D:1      | MacCMillion the Hill Orc Fighter began the quest for the
                  | Orb.
     0 | D:1      | Reached XP level 1. HP: 19/19 MP: 1/1
   115 | D:1      | Reached skill level 3 in Axes
   205 | D:1      | Reached XP level 2. HP: 24/26 MP: 2/2
   696 | D:1      | Reached XP level 3. HP: 31/31 MP: 3/3
  1221 | D:2      | Reached skill level 4 in Axes
  1445 | D:2      | Reached XP level 4. HP: 18/39 MP: 4/4
  1621 | D:2      | Found a faded altar of an unknown god.
  1791 | D:2      | Reached skill level 5 in Axes
  1857 | D:2      | Found an opulent altar of Gozag.
  1901 | D:2      | Found Wiontievu's Jewellery Emporium.
  2455 | D:3      | Found an iron altar of Okawaru.
  2481 | D:3      | Got the Directory of Transformation and the Excursion
  2871 | D:3      | Noticed a scorpion
  2878 | D:3      | Killed a scorpion
  2879 | D:3      | Reached skill level 6 in Axes
  2879 | D:3      | Reached XP level 5. HP: 33/45 MP: 5/5
  3547 | D:4      | Reached skill level 7 in Axes
  3596 | D:4      | Noticed an ice beast
  3622 | D:4      | Mangled by an ice beast

Illustrated notes

Levels and vault maps discovered:
D:1:      psy_arrival_conway, layout_basic
D:2:      layout_loops_corners, ebering_ecumenical_altar_ruins, serial_shops,
          shop, basic_altar
D:3:      layout_basic, okawaru_trees_2
D:4:      layout_basic, kennysheep_decorative_pillar, hangedman_decor_slide_cut,
          dreamdust_princess_corridor

Skill      XL: |  1  2  3  4  5 |
---------------+----------------+-----
Axes           | 3 4 6 7 |  7.4
Shields        | 4 |  4.0
Fighting       | |  3.6
Armour         | |  3.2

Action                   |  1- 3 |  4- 6 || total
-------------------------+-------+-------++-------
Melee: War axe           |   102 |   104 ||   206
       Hand axe          |       |    16 ||    16
Throw: Dart              |       |     3 ||     3
Armor: Scale mail        |     9 |       ||     9
       Plate armour      |    51 |    66 ||   117
Dodge: Dodged            |    27 |    35 ||    62
Block: Buckler           |    15 |    20 ||    35
